 Dungeon Crawl Stone Soup version 0.23-a0-305-g7ffd15e (webtiles) character file.

36575 namelastname112 the Quickloader (level 13, -2/115 HPs)
             Began as a Red Draconian Hunter on Oct 9, 2018.
             Was the Champion of Dithmenos.
             Shot with an arrow by a centaur warrior (23 damage)
             ... summoned by a boggart
             ... on level 14 of the Dungeon.
             The game lasted 00:39:46 (22612 turns).

namelastname112 the Quickloader (DrHu)             Turns: 22612, Time: 00:39:47

Health: -2/115     AC: 11    Str: 20    XL:     13   Next: 53%
Magic:  13/13      EV: 19    Int: 12    God:    Dithmenos [******]
Gold:   927        SH:  0    Dex: 16    Spells: 12/12 levels left

rFire    + . .     SeeInvis .   b - +1 long sword (holy)
rCold    . . .     Gourm    .   (no shield)
rNeg     . . .     Faith    +   (armour unavailable)
rPois    .         Spirit   .   (helmet restricted)
rElec    .         Reflect  .   E - +2 cloak
rCorr    +         Harm     .   (no gloves)
MR       .....                  (no boots)
Stlth    +++++++++.             e - amulet of faith
HPRegen  0.29/turn              w - ring of stealth
MPRegen  0.13/turn              I - ring "Vareil" {rCorr Str+3}

@: about to teleport, wreathed by umbra, studying Ice Magic
A: breathe fire, unfitting armour, fire resistance 1, strong 1, wild magic 1,
cold-blooded, AC +8
a: Breathe Fire, Shadow Step, Shadow Form, Renounce Religion


You were on level 14 of the Dungeon.
You worshipped Dithmenos.
Dithmenos was exalted by your worship.
You were hungry.

You visited 2 branches of the dungeon, and saw 15 of its levels.

You collected 927 gold pieces.

Inventory:

Hand Weapons
 a - a +1 arbalest of velocity
 b - a +1 long sword of holy wrath (weapon)
Missiles
 c - 2 bolts
 G - 4 throwing nets (quivered)
Armour
 E - a +2 cloak (worn)
Jewellery
 e - an amulet of faith (around neck)
 i - an uncursed ring of protection from fire
 l - an uncursed ring of stealth
 r - an uncursed ring of wizardry
 w - a ring of stealth (left hand)
 I - the ring "Vareil" (right hand) {rCorr Str+3}
   (You took it off an orc priest on level 10 of the Dungeon)

   [ring of resist corrosion]

   It affects your strength (+3).
 N - an uncursed amulet of magic regeneration {unknown}
Wands
 h - a wand of disintegration (46)
 p - a wand of acid (5)
 y - a wand of random effects (13)
 C - a wand of polymorph (7)
 D - a wand of iceblast (13)
 F - a wand of enslavement (16)
 O - a wand of clouds (7)
Scrolls
 k - a scroll of enchant armour
 o - 3 scrolls of remove curse
 q - 2 scrolls of teleportation
 s - 2 scrolls of identify
 t - 3 scrolls of magic mapping
 z - 2 scrolls of fear
 L - a scroll of acquirement {unknown}
 M - 2 scrolls of fog
Potions
 f - a potion of ambrosia
 g - 2 potions of curing
 j - 2 potions of flight
 m - 3 potions of brilliance
 n - a potion of agility
 u - a potion of cancellation
 v - 4 potions of berserk rage
 x - 3 potions of might
 A - a potion of lignification
 B - a potion of haste
 J - a potion of magic
 Q - a potion of resistance {unknown}
Books
 H - a manual of Ice Magic
 K - a manual of Ice Magic
Comestibles
 d - 27 rations


   Skills:
 + Level 10.9 Fighting
 + Level 9.2 Long Blades
 * Level 13.0 Crossbows
 + Level 9.2 Dodging
 + Level 9.9 Stealth


You had 12 spell levels left.
You didn't know any spells.
Your spell library contained the following spells:

 Spells                   Type           Power        Failure   Level  Hunger
 Animate Skeleton         Necr           N/A          41%         1    ##.....
 Apportation              Tloc           #.....       41%         1    ##.....
 Confusing Touch          Hex            #.....       41%         1    ##.....
 Flame Tongue             Conj/Fire      #....        41%         1    ##.....
 Freeze                   Ice            #...         41%         1    ##.....
 Pain                     Necr           #...         41%         1    ##.....
 Summon Small Mammal      Summ           #...         41%         1    ##.....
 Throw Flame              Conj/Fire      #.....       54%         2    ###....
 Throw Frost              Conj/Ice       #.....       54%         2    ###....
 Conjure Flame            Conj/Fire      #.......     77%         3    ####...
 Inner Flame              Hex/Fire       #.......     77%         3    ####...
 Ozocubu's Armour         Chrm/Ice       #.......     77%         3    ####...
 Regeneration             Chrm/Necr      #.........   77%         3    ####...
 Vampiric Draining        Necr           #.........   77%         3    ####...
 Animate Dead             Necr           N/A          98%         4    #####..
 Sticky Flame             Conj/Fire      #.......     98%         4    #####..
 Summon Ice Beast         Ice/Summ       #.......     98%         4    #####..
 Throw Icicle             Conj/Ice       #.......     98%         4    #####..
 Fireball                 Conj/Fire      #.........   100%        5    ######.


Dungeon Overview and Level Annotations

Branches:
Dungeon (14/15)            Temple (1/1) D:4            Lair (0/6) D:9
    Orc (0/2) D:10         Vaults (0/5) D:13

Altars:
Ashenzari
Dithmenos
Gozag
Hepliaklqana
Kikubaaqudgha
Okawaru
Qazlal
Ru
Trog
Uskayaw
Vehumet
Wu Jian
Xom
Zin

Shops:
D:11 (

Annotations:
D:5 1 runed door, HerrDoktor's ghost, novice MiAK
D:6 exclusion: statue
D:9 3 runed doors
D:10 Maurice
D:12 1 runed door, derval's ghost, journeyman DsNe


Innate Abilities, Weirdness & Mutations

You can breathe blasts of fire.
Your fiery red scales are hard. (AC +8)
You cannot fit into any form of body armour.
Your flesh is heat resistant. (rF+)
You are cold-blooded and may be slowed by cold attacks.
Your muscles are strong. (Str +2)
Your spells are a little harder to cast, but a little more powerful.


Message History

The arrow dissolves into shadows!
You hear a croak.
You take 25 damage, and have 87/115 hp.
MASSIVE DAMAGE!!
The centaur warrior unwields an uncursed longbow.
The centaur warrior misses you.
The frost giant gestures at you while chanting.
The bolt of cold hits you! The centaur warrior hits you.
You take 31 damage, and have 56/115 hp.
MASSIVE DAMAGE!!
The centaur warrior wields an uncursed longbow.
The centaur warrior shoots an arrow.
The arrow hits you!!
You emit a cloud of dark smoke.
The arrow dissolves into shadows!
You take 19 damage, and have 37/115 hp.
As you read the scroll of teleportation, it crumbles to dust.
You feel strangely unstable.
The centaur warrior shoots an arrow.
The arrow hits you!!
* * * LOW HITPOINT WARNING * * *
You emit a cloud of dark smoke.
The arrow dissolves into shadows!
You take 23 damage, and have 14/115 hp.
You feel better.
The centaur warrior shoots an arrow.
The arrow hits you!!
You die...

###.......#.............#
..........#.............#
..........#...##...##..(#
..........#...##...##...#
..........'....#........#
.......}..#†§..#........#
.......C..#§§..#§.......#
..........#§§C.#§§......#
..........#.§§##@####...#
..........#...##§########
..........'..C.cF§......#
........#...§§§.......#
#......#.............#
#......#......##.....#
####......#......##.....#
..........#.............#
..........#.............#


You could see a centaur warrior and a bullfrog.

Vanquished Creatures
  A fire dragon (D:11)
  Harold (D:10)
  A hydra (D:12)
  A rakshasa (D:13)
  2 dancing weapons (D:13)
  6 two-headed ogres
  A fire crab (shapeshifter) (D:13)
  4 skeletal warriors
  A wizard (D:14)
  7 manticores
  A deep elf mage (D:13)
  An ugly thing (D:9)
  3 rime drakes (D:13)
  3 centaur skeletons
  15 trolls
  A queen bee (D:11)
  A polar bear (shapeshifter) (D:14)
  A merfolk (D:10)
  A hornet (D:12)
  Prince Ribbit (D:7)
  3 hippogriffs
  A blink frog (shapeshifter) (D:13)
  2 water elementals (D:12)
  Eustachio (D:6)
  A wyvern (D:10)
  2 hogs (D:9)
  20 yaks
  A hungry ghost (D:14)
  Menkaure (D:5)
  6 vampire mosquitoes (D:14)
  2 water moccasins
  Duvessa (D:5)
  6 orc warriors
  4 sky beasts
  8 black bears (D:10)
  4 ice beasts
  4 ogres
  A phantom (D:8)
  3 boggarts (D:14)
  17 centaurs
  A crocodile (D:9)
  4 big kobolds
  18 bullfrogs
  A gnoll sergeant (D:10)
  A wyvern zombie (D:13)
  Dowan (D:5)
  7 jellies
  8 scorpions
  A water moccasin skeleton (D:8)
  32 killer bees
  4 howler monkeys
  6 wights
  8 electric eels
  10 crimson imps
  4 centaur zombies
  A quasit (D:12)
  A bullfrog zombie (D:9)
  2 bullfrog skeletons
  8 orc priests
  2 hounds
  Crazy Yiuf (D:7)
  2 gnoll shamans (D:10)
  3 iguanas
  9 orc wizards
  11 worker ants
  4 hound skeletons
  A worker ant zombie (D:11)
  8 adders
  3 shadow imps
  3 oozes
  An adder zombie (D:10)
  2 adder skeletons
  3 worms
  5 leopard geckos
  30 orcs
  A bat (D:3)
  A bat zombie (D:1)
  7 giant cockroaches
  5 goblins
  6 hobgoblins
  9 jackals
  15 kobolds
  5 quokkas
  2 ball pythons
  2 frilled lizards
  A jackal skeleton (D:8)
  A leopard gecko zombie (D:1)
  A quokka skeleton (D:5)
  A quokka zombie (D:6)
  10 rats
  A plant (D:10)
415 creatures vanquished.

Vanquished Creatures (collateral kills)
  A troll (D:10)
  A gnoll sergeant (D:10)
  2 orc priests (D:10)
4 creatures vanquished.

Vanquished Creatures (others)
  7 plants
7 creatures vanquished.

Grand Total: 426 creatures vanquished

Notes
Turn   | Place    | Note
-------+----------+-------------------------------------------
     0 | D:1      | namelastname112 the Draconian Hunter began the quest for
                  | the Orb.
     0 | D:1      | Reached XP level 1. HP: 17/17 MP: 1/1
    53 | D:1      | Reached skill level 1 in Stealth
    92 | D:1      | Reached XP level 2. HP: 16/25 MP: 2/2
   669 | D:1      | Reached skill level 4 in Crossbows
   874 | D:2      | Reached XP level 3. HP: 21/30 MP: 3/3
   905 | D:2      | Found a hazy altar of Hepliaklqana.
  1664 | D:3      | Reached XP level 4. HP: 16/38 MP: 4/4
  2210 | D:3      | Reached XP level 5. HP: 9/45 MP: 5/5
  2848 | D:4      | Found a staircase to the Ecumenical Temple.
  2855 | Temple   | Entered the Ecumenical Temple
  2931 | Temple   | Became a worshipper of Dithmenos the Shadowed
  3166 | D:4      | Found a shattered altar of Ashenzari.
  3681 | D:5      | Entered Level 5 of the Dungeon
  3695 | D:5      | Noticed Dowan
  3710 | D:5      | Killed Dowan
  3710 | D:5      | Reached skill level 5 in Crossbows
  3710 | D:5      | Reached XP level 6. HP: 46/51 MP: 6/6
  3753 | D:5      | Noticed Duvessa
  3769 | D:5      | Gained mutation: Your muscles are strong. (Str +2) [potion
                  | of mutation]
  3769 | D:5      | Gained mutation: You are agile. (Dex +2) [potion of
                  | mutation]
  3769 | D:5      | Lost mutation: You are agile. (Dex +2) [potion of mutation]
  3769 | D:5      | Gained mutation: Your spells are a little harder to cast,
                  | but a little more powerful. [potion of mutation]
  3791 | D:5      | Killed Duvessa
  4200 | D:5      | Your scales start taking on a fiery red colour.
  4200 | D:5      | Reached XP level 7. HP: 37/59 MP: 7/7
  4200 | D:5      | Gained mutation: Your flesh is heat resistant. (rF+) [Red
                  | Draconian growth]
  4318 | D:5      | Reached * piety under Dithmenos
  4439 | D:5      | Reached skill level 6 in Crossbows
  4691 | D:5      | Noticed Menkaure
  4700 | D:5      | Killed Menkaure
  4808 | D:5      | Found a runed door.
  4809 | D:5      | Noticed a cyclops
  4809 | D:5      | Noticed HerrDoktor's ghost (novice MiAK)
  4987 | D:6      | Reached skill level 1 in Long Blades
  5022 | D:6      | Noticed Eustachio
  5039 | D:6      | Killed Eustachio
  5155 | D:6      | Reached XP level 8. HP: 65/67 MP: 8/8
  5175 | D:6      | Reached skill level 5 in Fighting
  5584 | D:6      | Found an opulent altar of Gozag.
  5701 | D:6      | Found a radiant altar of Vehumet.
  5945 | D:7      | Reached skill level 7 in Crossbows
  6036 | D:7      | Reached ** piety under Dithmenos
  6377 | D:7      | Reached XP level 9. HP: 63/75 MP: 9/9
  6589 | D:7      | Reached skill level 5 in Stealth
  6821 | D:7      | Noticed Prince Ribbit
  6828 | D:7      | Killed Prince Ribbit
  6828 | D:7      | Reached skill level 5 in Dodging
  6877 | D:7      | Found a runed door.
  7113 | D:7      | Noticed Crazy Yiuf
  7118 | D:7      | Killed Crazy Yiuf
  7280 | D:8      | Reached skill level 8 in Crossbows
  7498 | D:8      | Noticed a two-headed ogre
  7528 | D:8      | Killed a two-headed ogre
  7996 | D:8      | Reached XP level 10. HP: 63/84 MP: 10/10
  8234 | D:9      | Reached *** piety under Dithmenos
  8275 | D:9      | Noticed a purple ugly thing
  8287 | D:9      | Killed a purple ugly thing
  8287 | D:9      | Reached skill level 9 in Crossbows
  8588 | D:9      | Found a runed gate.
  8589 | D:9      | Found a runed gate.
  8590 | D:9      | Found a runed gate.
  8660 | D:9      | Reached skill level 5 in Long Blades
  8802 | D:9      | Found a staircase to the Lair.
  9101 | D:9      | Noticed a white ugly thing
  9101 | D:9      | Noticed a brown ugly thing
  9101 | D:9      | Noticed a brown ugly thing
  9107 | D:9      | Noticed a glowing orange brain
  9133 | D:10     | Entered Level 10 of the Dungeon
  9627 | D:10     | Found a staircase to the Orcish Mines.
  9681 | D:10     | Noticed a manticore
  9691 | D:10     | Killed a manticore
 10261 | D:10     | Noticed a manticore
 10267 | D:10     | Killed a manticore
 10372 | D:10     | Noticed a manticore
 10376 | D:10     | Killed a manticore
 10536 | D:10     | Reached **** piety under Dithmenos
 10538 | D:10     | Reached skill level 10 in Crossbows
 11023 | D:10     | Reached XP level 11. HP: 94/94 MP: 11/11
 12089 | D:10     | Found a shimmering altar of Xom.
 12130 | D:10     | Noticed Harold
 12232 | D:10     | Noticed a two-headed ogre
 12234 | D:10     | Noticed Maurice
 12238 | D:10     | Killed a two-headed ogre
 12503 | D:10     | Got a faintly glowing steel ring
 13079 | D:10     | Reached ***** piety under Dithmenos
 13314 | D:10     | Killed Harold
 13314 | D:10     | Reached skill level 11 in Crossbows
 13726 | D:11     | Noticed a two-headed ogre
 13726 | D:11     | Noticed a fire dragon
 14400 | D:11     | Goblin1989: приветы
 14407 | D:11     | namelastname112: здарова
 14507 | D:11     | Found Pucyhy's Weapon Emporium.
 14533 | D:11     | Goblin1989: куда епена потерял?
 14582 | D:11     | namelastname112: cgbn
 14582 | D:11     | namelastname112: спит
 15011 | D:11     | Reached XP level 12. HP: 76/104 MP: 12/12
 15765 | D:11     | Goblin1989: получается когда играл он спал ты? :)
 16094 | D:11     | namelastname112: да нет
 16286 | D:11     | Killed a fire dragon
 16375 | D:11     | Killed a two-headed ogre
 16599 | D:12     | Identified the ring "Vareil" {rCorr Str+3} (You took it off
                  | an orc priest on level 10 of the Dungeon)
 16600 | D:12     | Goblin1989: а мне чего-то лень
 16626 | D:12     | Noticed a two-headed ogre
 16631 | D:12     | Killed a two-headed ogre
 16701 | D:12     | Goblin1989: третий день с отпуска вышел и работать как-то
                  | вообще не тянет
 16855 | D:12     | namelastname112: ожидаемо
 16931 | D:12     | Noticed a two-headed ogre
 16950 | D:12     | Killed a two-headed ogre
 17132 | D:12     | Found a shimmering altar of Xom.
 17132 | D:12     | Noticed derval's ghost (journeyman DsNe)
 17134 | D:12     | Found a runed door.
 17302 | D:12     | Noticed a seven-headed hydra
 17310 | D:12     | Killed a seven-headed hydra
 18003 | D:12     | Noticed a two-headed ogre
 18012 | D:12     | Noticed a rakshasa
 18012 | D:12     | Noticed a five-headed hydra
 18022 | D:12     | Noticed a centaur warrior
 18194 | D:12     | Goblin1989: не, ну раньше такого не было. просто я все три
                  | дня в каких-то разъездах до обеда провожу, с толку сбивают
 18203 | D:12     | Reached skill level 10 in Fighting
 18207 | D:12     | Reached ****** piety under Dithmenos
 18207 | D:12     | Reached skill level 12 in Crossbows
 18669 | D:13     | Noticed Sonja
 18670 | D:13     | Noticed a rakshasa
 19046 | D:13     | Noticed a two-headed ogre
 19054 | D:13     | Killed a two-headed ogre
 19924 | D:13     | Reached XP level 13. HP: 90/114 MP: 13/13
 19984 | D:13     | Found a gate to the Vaults.
 20393 | D:13     | Noticed Sonja
 20393 | D:13     | Sonja changed into Sonja the shapeshifter
 20394 | D:13     | Noticed Sonja
 20394 | D:13     | Sonja the shapeshifter changed into Sonja the fire crab
 20397 | D:13     | Killed Sonja the fire crab
 21375 | D:14     | Noticed a frost giant
 22487 | D:14     | Reached skill level 13 in Crossbows
 22612 | D:14     | Shot with an arrow by a centaur warrior

Vault maps used:
D:1:      saegor_arrival_fortress, serial_forest,
          infiniplex_forest_lined_room_2, infiniplex_forest_straight_4,
          infiniplex_forest_lined_4_way, infiniplex_forest_end_2,
          infiniplex_forest_zigzag_1, infiniplex_forest_straight_5,
          infiniplex_forest_split, infiniplex_forest_lined_room_,
          infiniplex_forest_lined_3
D:2:      cheibrodos_old_hovel, overflow_temple_1_default
D:4:      kennysheep_mini, temple_doors_e, first_ration,
          eino_small_chamber_without_monster
D:5:      ebering_ghost_inner_flame, uniq_duvessa, uniq_menkaure
D:6:      grunt_gozag_breadcrumbs, vehumet_statue, uniq_eustachio
D:7:      grunt_ogre_cave, uniq_crazy_yiuf_cottage, uniq_prince_ribbit1
D:9:      david_lair_shrubbed, ploomutoo_gammafunk_ghost_potion_laboratory
D:10:     kennysheep_town, uniq_harold, uniq_maurice
D:11:     serial_shops, shop, special_room, serial_bayou_pond_b, minivault_5
D:12:     lemuel_troll_bridge, ebering_ghost_xom, minmay_misc_feat_diagonals,
          kennysheep_small_spiral, minivault_12
D:13:     erik_vaults_1, kennysheep_generic_room_14, uniq_sonja
D:14:     minmay_coctagon, infiniplex_staircase_hallway_doors,
          minmay_misc_feat_plants
Temple:   regret_index_temple_mists

Skill      XL: |  1  2  3  4  5  6  7  8  9 10 11 12 13 |
---------------+----------------------------------------+-----
Stealth        | 1 2 3 4 6 7 8 9 |  9.9
Dodging        | 2 3 4 5 6 7 8 9 |  9.2
Crossbows      | 4 5 6 7 8 10 11 12 13 | 13.0
Fighting       | 3 4 5 6 8 9 10 | 10.9
Long Blades    | 1 3 4 5 7 8 9 |  9.2

Action                   |  1- 3 |  4- 6 |  7- 9 | 10-12 | 13-15 || total
-------------------------+-------+-------+-------+-------+-------++-------
Melee: Short sword       |   154 |   141 |    38 |       |       ||   333
       Tailslap          |    16 |    16 |    44 |   131 |    45 ||   252
       Long sword        |       |       |   221 |   557 |   191 ||   969
 Fire: Hand crossbow     |     7 |    37 |       |       |       ||    44
       Arbalest          |       |     5 |    84 |   240 |    47 ||   376
 Abil: Breathe Fire      |       |       |     9 |    30 |     1 ||    40
Evoke: Wand              |       |       |       |    14 |     1 ||    15
  Use: Potion            |       |     5 |     1 |       |     1 ||     7
       Scroll            |       |       |    10 |     9 |     7 ||    26
 Stab: Sleeping          |     5 |     5 |    10 |    10 |     6 ||    36
       Distracted        |       |       |     1 |     1 |     2 ||     4
  Eat: Chunk             |     2 |     9 |    10 |    22 |     4 ||    47
       Ration            |       |       |     1 |     7 |     1 ||     9
Armor: Skin              |    44 |    32 |    61 |   181 |    56 ||   374
Dodge: Dodged            |    81 |    94 |   269 |   943 |   232 ||  1619
       Rpst.: Long sword |       |       |    69 |   208 |    60 ||   337

Table legend:
 A = Non-vault XP
 B = Vault XP
 C = Vault XP percentage of total XP
 D = Non-vault monster count
 E = Vault monster count
 F = Vault count percentage of total count
                 A         B        C        D         E       F
            +---------+---------+-------+---------+---------+-------
      Total |   32612 |   19638 |  37.6 |     315 |     103 |  24.6
            +---------+---------+-------+---------+---------+-------
        D:1 |      35 |       3 |   7.9 |      20 |       2 |   9.1
        D:2 |      20 |       5 |  20.0 |      10 |       1 |   9.1
        D:3 |     186 |       0 |   0.0 |      28 |       0 |   0.0
        D:4 |      68 |       0 |   0.0 |       4 |       0 |   0.0
        D:5 |     496 |     386 |  43.8 |      23 |       3 |  11.5
        D:6 |     441 |     208 |  32.0 |      10 |       1 |   9.1
        D:7 |    1027 |     446 |  30.3 |      24 |       3 |  11.1
        D:8 |    2446 |       0 |   0.0 |      30 |       0 |   0.0
        D:9 |    1590 |     402 |  20.2 |      17 |       2 |  10.5
       D:10 |    3669 |    8709 |  70.4 |      39 |      42 |  51.9
       D:11 |    4027 |    2309 |  36.4 |      29 |      27 |  48.2
       D:12 |    5683 |    3522 |  38.3 |      24 |      13 |  35.1
       D:13 |    7714 |    3648 |  32.1 |      33 |       9 |  21.4
       D:14 |    5210 |       0 |   0.0 |      24 |       0 |   0.0
            +---------+---------+-------+---------+---------+-------
